[Event "Titled Tuesday Blitz August 16 Late 2022"]
[White "Filgueira, Hernan"]
[Black "Grot, Blazej"]
[WhiteFideId "101770"]
[BlackFideId "21835845"]
[WhiteElo "2363"]
[BlackElo "1614"]
[Result "1-0"]
[Round "02"]
[TimeControl "180+1"]
[Date "2022.08.18"]
[WhiteClock "0:00:00"]
[BlackClock "0:00:00"]

1. Nf3 d5 2. g3 c5 3. Bg2 Nc6 4. O-O Nf6 5. d3 e5 6. Nbd2 Bd6 7. e4 O-O 8. Re1 d4 9. Nc4 Bb8 10. a4 a6 11. a5 Bc7 12. Bd2 Be6 13. b3 Bxc4 14. bxc4 Bxa5 15. Bxa5 Nxa5 16. Nxe5 b5 17. Qd2 b4 18. Ra2 Qc7 19. f4 Nc6 20. Nxc6 Qxc6 21. e5 Qb6 22. Bxa8 Ng4 23. Bf3 Ne3 24. Rea1 b3 25. cxb3 Qxb3 26. Rxa6 Nxc4 27. Qd1 Qc3 28. dxc4 d3 29. Bd5 Qd4+ 30. Kg2 d2 31. R6a2 Rb8 32. Qxd2 Qxd2+ 33. Rxd2 h6 34. Ra8 h5 35. Rxb8+ 1-0


[Site "https://www.chess.com"]

[Event "Titled Tuesday Blitz August 16 Late 2022"]
[White "Floresvillar Gonzalez, Luis Migu"]
[Black "Al-Tarboush, Ward"]
[WhiteFideId "5100542"]
[BlackFideId "7601450"]
[WhiteElo "2040"]
[BlackElo "2234"]
[Result "0-1"]
[Round "02"]
[TimeControl "180+1"]
[Date "2022.08.18"]
[WhiteClock "0:00:00"]
[BlackClock "0:00:00"]

1. d4 d5 2. c3 Nf6 3. Bg5 Ne4 4. h4 Nxg5 5. hxg5 Nc6 6. f4 Bf5 7. e3 Qd6 8. Bd3 Qg6 9. Bxf5 Qxf5 10. Nf3 Qg4 11. Qe2 e6 12. Nbd2 Bd6 13. Ne5 Qxe2+ 14. Kxe2 Nxe5 15. dxe5 Be7 16. Nf3 c5 17. g4 g6 18. Rh2 Kf8 19. Rah1 Kg7 20. Kd3 Rad8 21. b3 b5 22. Kc2 a5 23. Rd1 a4 24. Rhd2 axb3+ 25. axb3 Ra8 26. Kb2 Ra7 27. Ra1 Rha8 28. Rxa7 Rxa7 29. Rd1 Rb7 30. Ra1 b4 31. cxb4 Rxb4 32. Ra4 Rb5 33. Kc3 Bd8 34. Ra7 Ba5+ 35. Kc2 Bb6 36. Rb7 Rb4 37. f5 Bd8 38. f6+ Kf8 39. Rb8 Rxb8 0-1


[Site "https://www.chess.com"]

[Event "Titled Tuesday Blitz August 16 Late 2022"]
[White "Gallana, Marco"]
[Black "Dilanyan, Grigor"]
[WhiteFideId "824542"]
[BlackFideId "13303570"]
[WhiteElo "2290"]
[BlackElo "2264"]
[Result "0-1"]
[Round "02"]
[TimeControl "180+1"]
[Date "2022.08.18"]
[WhiteClock "0:00:00"]
[BlackClock "0:00:00"]

1. d4 Nf6 2. c4 c5 3. d5 b5 4. cxb5 a6 5. bxa6 g6 6. Nc3 Bg7 7. e4 O-O 8. a7 Rxa7 9. Nf3 e6 10. dxe6 dxe6 11. Qxd8 Rxd8 12. Bb5 Bb7 13. e5 Ng4 14. Bg5 Rc8 15. O-O-O Bxf3 16. gxf3 Nxf2 17. Rhe1 Nxd1 18. Kxd1 Nc6 19. Bxc6 Rxc6 20. f4 Rd7+ 21. Kc2 h6 22. Bh4 Rd4 23. Bg3 Rc8 24. Nb5 Rc4+ 25. Kd3 Rb4 26. Nd6 Ra8 27. Rc1 Rxb2 28. Rxc5 Rbxa2 29. Rc7 R2a7 30. Rc3 Bf8 31. Ne4 Ra3 32. Bh4 Rxc3+ 33. Kxc3 Ra3+ 34. Kd4 Rf3 35. Bg3 Ba3 36. Nf6+ Kg7 37. Ke4 Rf1 38. Ng4 Bc1 39. Nf2 g5 40. Nd3 Bd2 41. fxg5 hxg5 42. Nf2 Bf4 43. Bxf4 Rxf2 44. Bxg5 Rxh2 45. Bf6+ Kg6 46. Bd8 Rd2 47. Bf6 Re2+ 48. Kf4 Rf2+ 0-1


[Site "https://www.chess.com"]

[Event "Titled Tuesday Blitz August 16 Late 2022"]
[White "Gascon Del Nogal, Jose Rafael"]
[Black "McBryde, Lamel"]
[WhiteFideId "3902463"]
[BlackFideId "2058596"]
[WhiteElo "2473"]
[BlackElo "2136"]
[Result "1-0"]
[Round "02"]
[TimeControl "180+1"]
[Date "2022.08.18"]
[WhiteClock "0:00:00"]
[BlackClock "0:00:00"]

1. e4 Nf6 2. e5 Nd5 3. d4 Nb6 4. Nf3 d5 5. Nh4 Be6 6. f4 Qd7 7. Be2 g6 8. O-O h5 9. Nd2 Bg4 10. Ndf3 e6 11. h3 Bf5 12. Ng5 Nc6 13. c3 Nd8 14. a4 a5 15. b3 Be7 16. Ba3 Bxa3 17. Rxa3 Qe7 18. Ra2 Rc8 19. Qd2 c5 20. Bb5+ Kf8 21. Nhf3 c4 22. bxc4 Nxc4 23. Bxc4 Rxc4 24. Qe3 Qc7 25. Rc1 Kg7 26. Nd2 Rc6 27. Rb2 Rb6 28. Rxb6 Qxb6 29. c4 Qb2 30. Qc3 Qxc3 31. Rxc3 dxc4 32. Nxc4 Nc6 33. Nd6 Nxd4 34. Rc7 Rf8 35. Ndxf7 Kg8 36. Nh6+ Kh8 37. Rh7# 1-0


[Site "https://www.chess.com"]

[Event "Titled Tuesday Blitz August 16 Late 2022"]
[White "Ghaem Maghami, Ehsan"]
[Black "Kruckenhauser, Arthur"]
[WhiteFideId "12500739"]
[BlackFideId "1642812"]
[WhiteElo "2593"]
[BlackElo "2218"]
[Result "0-1"]
[Round "02"]
[TimeControl "180+1"]
[Date "2022.08.16"]
[WhiteClock "0:00:08"]
[BlackClock "0:00:19"]

1. c4 e6 2. Nf3 d5 3. d4 Nf6 4. g3 dxc4 5. Bg2 Nbd7 6. O-O c6 7. a4 a5 8. Qc2 b5 9. Nbd2 Nd5 10. Ne4 Be7 11. b3 cxb3 12. Qxb3 b4 13. Bg5 O-O 14. Bxe7 Qxe7 15. Rfc1 Ba6 16. e3 Rfc8 17. Nc5 Nc3 18. Rxc3 bxc3 19. Qxc3 Nxc5 20. dxc5 Qf6 21. Nd4 e5 22. Nb3 Rab8 23. Nxa5 Be2 24. Nb3 Bf3 25. Bxf3 Qxf3 26. a5 Qd5 27. Nd2 Rb5 28. a6 Rxc5 29. Qb4 Rb5 30. Qc3 Ra8 31. e4 Qc5 32. Qxc5 Rxc5 33. Ra2 Kf8 34. Kf1 Ke7 35. Ke2 Rc3 36. Ra4 f6 37. Nc4 Rb3 38. Ne3 Rb6 39. Nf5+ Kf8 40. a7 Rb7 41. Ra6 Rc7 42. Rb6 Raxa7 43. Rb8+ Kf7 44. Kf3 g6 45. Nd6+ Ke7 46. Nc4 Rab7 47. Rh8 Ke6 48. h4 Rb4 49. Ne3 Rd4 50. g4 c5 51. Nd5 Rxd5 52. exd5+ Kxd5 53. Ke3 c4 54. Kd2 Ke4 55. Rf8 f5 56. gxf5 gxf5 57. Kc3 f4 58. Re8 Rc5 59. Re7 Kf3 60. Rxh7 e4 61. Rf7 e3 62. fxe3 Kxe3 63. Re7+ Kf2 64. Re4 f3 65. Kb4 Rc6 66. Kb5 Rc8 67. Rxc4 Rxc4 68. Kxc4 Kg2 69. h5 f2 70. h6 f1=Q+ 0-1


[Site "https://www.chess.com"]

[Event "Titled Tuesday Blitz August 16 Late 2022"]
[White "Goltsev, Dmitry"]
[Black "Mendez Fortes, Eduardo Jesus"]
[WhiteFideId "24176710"]
[BlackFideId "3502376"]
[WhiteElo "2258"]
[BlackElo "2307"]
[Result "1-0"]
[Round "02"]
[TimeControl "180+1"]
[Date "2022.08.18"]
[WhiteClock "0:00:00"]
[BlackClock "0:00:00"]

1. e4 e5 2. Nf3 Nc6 3. Bb5 Nf6 4. O-O Nxe4 5. d4 Nd6 6. Bxc6 dxc6 7. dxe5 Nf5 8. Qxd8+ Kxd8 9. Rd1+ Ke8 10. Bg5 Be6 11. Nc3 Ne7 12. Rd2 h6 13. Be3 Ng6 14. Rad1 Bb4 15. Bd4 Bg4 16. Rd3 Nf4 17. Re3 Ne6 18. a3 Be7 19. h3 Bf5 20. Re2 b6 21. Red2 Rd8 22. Be3 Rxd2 23. Rxd2 h5 24. Ne2 Be4 25. Nfd4 Nxd4 26. Nxd4 a5 27. c4 c5 28. Nb5 Bd8 29. f3 Bc6 30. Nc3 f6 31. Bf4 Kf7 32. Nd5 fxe5 33. Bxe5 Re8 34. Bxc7 Bxd5 35. Bxd8 Bxc4 36. Bxb6 Re1+ 37. Kh2 Re2 38. Rxe2 Bxe2 39. Bxa5 Bd1 40. Kg3 c4 41. Kf4 Ke6 42. Bc3 g6 43. Ke4 Bc2+ 44. Kd4 Bb3 45. Kc5 Kf5 46. g3 h4 47. Be1 Bd1 48. Kxc4 Bxf3 49. gxh4 Bg2 50. b4 Bxh3 51. a4 Ke6 52. Kc5 Kd7 53. a5 Kc7 54. b5 Kb7 55. a6+ Ka8 56. b6 Bg2 57. b7+ Ka7 58. Bg3 Bxb7 59. axb7 Kxb7 60. Kd6 Kc8 61. Ke6 Kd8 62. Kf6 Ke8 63. Bd6 Kd7 64. Ba3 1-0


[Site "https://www.chess.com"]

[Event "Titled Tuesday Blitz August 16 Late 2022"]
[White "Gomez Ledo, Roberto Carlos"]
[Black "Mickiewicz, Piotr"]
[WhiteFideId "3507076"]
[BlackFideId "1114891"]
[WhiteElo "2379"]
[BlackElo "2266"]
[Result "1-0"]
[Round "02"]
[TimeControl "180+1"]
[Date "2022.08.18"]
[WhiteClock "0:00:00"]
[BlackClock "0:00:00"]

1. d4 d5 2. Bf4 Nf6 3. e3 b6 4. c4 e6 5. cxd5 exd5 6. Nc3 Bb7 7. Nf3 Bd6 8. Bg5 Nbd7 9. Bd3 a6 10. O-O O-O 11. Rc1 c5 12. dxc5 bxc5 13. Bf5 Ne5 14. Nxe5 Bxe5 15. Na4 c4 16. b3 h6 17. Bh4 g6 18. Bg4 g5 19. Bg3 Bxg3 20. hxg3 Bc8 21. Bf3 g4 22. Be2 cxb3 23. axb3 Bf5 24. Qd4 Rb8 25. Nc5 Ne4 26. b4 Qb6 27. Nxa6 Qxd4 28. exd4 Rb6 29. b5 Nd6 30. Rc6 Rxc6 31. bxc6 Rc8 32. Nb4 Kf8 33. Rc1 Be6 34. c7 Ne8 35. Na6 Ke7 36. Bb5 Bd7 37. Re1+ Kd6 38. Bxd7 Kxd7 39. Re5 Nxc7 40. Nxc7 Rxc7 41. Rxd5+ Ke7 42. Rh5 Rd7 43. d5 f6 44. f3 gxf3 45. gxf3 Kd6 46. Rxh6 Ke5 47. Rh5+ Kd4 48. Kf2 Rb7 49. Rf5 Rb2+ 50. Kg1 Ke3 51. Rxf6 Rb1+ 52. Kg2 Rb2+ 53. Kh3 Rb1 54. d6 Rd1 55. Kg4 Rd4+ 56. f4 Rd5 57. f5 Ke4 58. Kg5 Rd3 59. g4 Rxd6 60. Rxd6 1-0


[Site "https://www.chess.com"]

[Event "Titled Tuesday Blitz August 16 Late 2022"]
[White "Goncalves, Davi Sulzbacher"]
[Black "Capp, Stephen"]
[WhiteFideId "2154510"]
[BlackFideId "2027089"]
[WhiteElo "2107"]
[BlackElo "1920"]
[Result "1-0"]
[Round "02"]
[TimeControl "180+1"]
[Date "2022.08.18"]
[WhiteClock "0:00:00"]
[BlackClock "0:00:00"]

1. d4 Nf6 2. c4 e6 3. Nc3 Bb4 4. Bg5 c5 5. d5 h6 6. Bh4 d6 7. e3 g5 8. Bg3 Ne4 9. Qc2 f5 10. Bd3 Nxg3 11. hxg3 Qf6 12. dxe6 Bxe6 13. Ne2 Nc6 14. O-O-O O-O-O 15. Nd5 Qf7 16. a3 Ba5 17. Nec3 Bxc3 18. Nxc3 Ne5 19. Nd5 Nxd3+ 20. Rxd3 Kb8 21. Qd2 Bd7 22. Nc3 Bc6 23. Rxd6 Rxd6 24. Qxd6+ Ka8 25. Rxh6 Rxh6 26. Qd8# 1-0


[Site "https://www.chess.com"]

[Event "Titled Tuesday Blitz August 16 Late 2022"]
[White "Grischuk, Alexander"]
[Black "Begmuratov, Khumoyun"]
[WhiteFideId "4126025"]
[BlackFideId "14210207"]
[WhiteElo "2762"]
[BlackElo "1978"]
[Result "1-0"]
[Round "02"]
[TimeControl "180+1"]
[Date "2022.08.16"]
[WhiteClock "0:00:09"]
[BlackClock "0:00:03"]

1. d4 Nf6 2. c4 g6 3. Bg5 Ne4 4. Bf4 Bg7 5. f3 Nf6 6. e4 d6 7. Nc3 O-O 8. Nge2 a6 9. Qd2 c6 10. Bh6 b5 11. h4 e5 12. h5 b4 13. Na4 exd4 14. Bxg7 Kxg7 15. hxg6 fxg6 16. c5 Kg8 17. Nxd4 dxc5 18. Bc4+ Kh8 19. Nxc5 Qd6 20. Ndb3 Qxd2+ 21. Kxd2 a5 22. a3 Rd8+ 23. Ke3 a4 24. axb4 Nbd7 25. Rhd1 Re8 26. Rxa4 Rxa4 27. Nxa4 Ne5 28. Be2 Be6 29. Na5 Bf7 30. Nc5 Kg7 31. Rd4 g5 32. Nab7 Rb8 33. Nd6 Bg6 34. b5 cxb5 35. Bxb5 h5 36. b4 Kh6 37. Be2 h4 38. b5 Be8 39. Nxe8 Nxe8 40. Rd5 Nf7 41. Nd7 Ra8 42. b6 Ned6 43. Ne5 Ra3+ 44. Kf2 Nxe5 45. Rxd6+ Kg7 46. Rd5 Kf6 47. b7 Nc6 48. Rd6+ Ke5 49. Rxc6 Rb3 50. Rc5+ Kf6 51. Rf5+ Kg6 52. Rb5 1-0


[Site "https://www.chess.com"]

[Event "Titled Tuesday Blitz August 16 Late 2022"]
[White "Hardaway, Brewington"]
[Black "Prydun, Andriy"]
[WhiteFideId "30941849"]
[BlackFideId "14145898"]
[WhiteElo "1813"]
[BlackElo "2163"]
[Result "0-1"]
[Round "02"]
[TimeControl "180+1"]
[Date "2022.08.18"]
[WhiteClock "0:00:00"]
[BlackClock "0:00:00"]

1. e4 d5 2. exd5 Qxd5 3. Nc3 Qd7 4. Nf3 g6 5. d4 Bg7 6. Bc4 Nc6 7. d5 Ne5 8. Nxe5 Bxe5 9. Qf3 a6 10. O-O Qg4 11. Qd3 Bf5 12. Qe2 Qxe2 13. Bxe2 Bxc2 14. Bf3 Bd6 15. Be3 Nf6 16. Rac1 Bf5 17. Bd4 O-O-O 18. Na4 Kb8 19. Rfe1 Rhe8 20. Rcd1 Bc2 21. Nc3 Bxd1 22. Rxd1 Nd7 23. Re1 Bc5 24. Bg7 f6 25. Ne4 Bd4 26. b3 Ne5 27. Bd1 Rxd5 28. Kf1 Nf7 29. Bf3 Rf5 30. Ng3 Re5 31. Rd1 Bc5 32. Ne4 Rg8 33. Bxf6 Rxe4 34. Bxe4 exf6 35. Rd7 Ng5 36. Bd5 Kc8 37. Rxc7+ Kxc7 38. Bxg8 h6 39. f4 Ne4 40. Bh7 Nc3 41. a4 g5 42. f5 Kb6 43. Bg8 Ka5 44. Ke1 Kb4 45. Kd2 b5 46. axb5 Nxb5 47. Kc2 Nd4+ 48. Kd3 Nxf5 49. Bc4 Nd4 50. Bxa6 Nxb3 51. Bc8 Nd4 52. Ke4 Kc3 53. Kd5 Bb4 54. Ke4 Bd6 55. h3 Be5 56. Bb7 Kd2 57. Kd5 Ke3 58. Kc4 Kf4 59. Kd3 Kg3 60. Be4 Ne6 61. Ke2 Nf4+ 62. Kf1 h5 63. Kg1 Bd4+ 64. Kf1 Kh2 65. Ba8 g4 66. hxg4 hxg4 67. Be4 Kg3 68. Ba8 Ng6 69. Bb7 Ne5 70. Ba8 Nc4 71. Ke2 Ne3 72. Kd3 Bb6 73. Ke4 Nxg2 74. Kf5 Bd4 75. Ke4 Be5 76. Kf5 Nf4 77. Be4 Kh4 78. Bh1 g3 79. Be4 g2 80. Bf3 g1=Q 81. Bh1 Qg4+ 82. Ke4 Qe2+ 83. Kf5 Qg4+ 84. Ke4 Ng2+ 85. Kd5 Kg3 86. Kc6 Kh2 87. Bxg2 Kxg2 88. Kb6 f5 89. Kb7 f4 90. Ka7 f3 91. Kb7 f2 92. Kc6 f1=Q 93. Kd5 Qff5 94. Kc6 Bh2 95. Kb6 Qge4 96. Ka7 Qee6 97. Kb7 Qff7+ 98. Ka8 Qee8# 0-1


[Site "https://www.chess.com"]

[Event "Titled Tuesday Blitz August 16 Late 2022"]
[White "Harshal, Shahi"]
[Black "Altman, Joshua"]
[WhiteFideId "5048257"]
[BlackFideId "426210"]
[WhiteElo "2054"]
[BlackElo "1945"]
[Result "0-1"]
[Round "02"]
[TimeControl "180+1"]
[Date "2022.08.18"]
[WhiteClock "0:00:00"]
[BlackClock "0:00:00"]

1. e4 e6 2. d4 d5 3. e5 c5 4. c3 Nc6 5. Nf3 Qb6 6. Bd3 cxd4 7. cxd4 Bd7 8. Be2 Nge7 9. O-O Nf5 10. Be3 Qxb2 11. Nbd2 Nfxd4 12. Rb1 Nxe2+ 13. Qxe2 Qxa2 14. Rxb7 Be7 15. Bg5 Qa3 16. Rfb1 Bxg5 17. Nxg5 Qe7 18. f4 h6 19. Qh5 O-O 20. Ngf3 Rab8 21. g4 Rxb7 22. Rxb7 Rb8 23. Rxb8+ Nxb8 24. g5 Qc5+ 25. Kg2 g6 26. Qxh6 Qe3 27. h4 Qxf4 28. Kf2 Nc6 29. h5 Nxe5 30. hxg6 Ng4+ 0-1


[Site "https://www.chess.com"]

[Event "Titled Tuesday Blitz August 16 Late 2022"]
[White "Harvey, Marcus R"]
[Black "Espinosa Veloz, Ermes"]
[WhiteFideId "400092"]
[BlackFideId "3507424"]
[WhiteElo "2485"]
[BlackElo "2333"]
[Result "1-0"]
[Round "02"]
[TimeControl "180+1"]
[Date "2022.08.16"]
[WhiteClock "0:00:12"]
[BlackClock "0:00:02"]

1. Nf3 Nf6 2. b3 g6 3. Bb2 Bg7 4. g3 c5 5. Bg2 d6 6. d4 Ne4 7. O-O O-O 8. Nbd2 Bf5 9. Nh4 Nxd2 10. Qxd2 Bc8 11. c3 Nc6 12. d5 Ne5 13. f4 Nd7 14. e4 b5 15. Rae1 c4 16. e5 dxe5 17. d6 Rb8 18. Ba3 Bf6 19. fxe5 Bxh4 20. gxh4 e6 21. Rf4 Bb7 22. Qf2 Bxg2 23. Kxg2 Qc8 24. b4 Qc6+ 25. Kg3 Qd5 26. Rd4 Qc6 27. Bc1 f6 28. exf6 Rxf6 29. Qg2 Qxg2+ 30. Kxg2 e5 31. Rd5 Rbf8 32. Re2 a6 33. Bg5 Rf5 34. Be7 Re8 35. Rdd2 Kf7 36. Rf2 Ke6 37. Kg3 e4 38. Rxf5 gxf5 39. Kf4 Rg8 40. Bg5 h6 41. Bxh6 1-0


[Site "https://www.chess.com"]

[Event "Titled Tuesday Blitz August 16 Late 2022"]
[White "Hoffmann, Asa"]
[Black "Danielyan, Vahe"]
[WhiteFideId "2001470"]
[BlackFideId "13304828"]
[WhiteElo "2117"]
[BlackElo "2421"]
[Result "0-1"]
[Round "02"]
[TimeControl "180+1"]
[Date "2022.08.18"]
[WhiteClock "0:00:00"]
[BlackClock "0:00:00"]

1. d4 d5 2. Bg5 Nf6 3. Nd2 Bf5 4. e3 Nbd7 5. c4 e6 6. Qb3 Be7 7. Ngf3 O-O 8. Rc1 c5 9. cxd5 exd5 10. dxc5 Nxc5 11. Qd1 Nd3+ 12. Bxd3 Bxd3 13. Rc3 Ba6 14. Nd4 Ne4 15. Nxe4 dxe4 16. Bxe7 Qxe7 17. Qb3 Rad8 18. g3 h5 19. h4 Qf6 20. Qb4 Rd6 21. Qc5 Rfd8 22. Qg5 Rxd4 0-1


[Site "https://www.chess.com"]

[Event "Titled Tuesday Blitz August 16 Late 2022"]
[White "Ibarra Jerez, Jose Carlos"]
[Black "Al Hosani, Omran"]
[WhiteFideId "2226332"]
[BlackFideId "9308733"]
[WhiteElo "2628"]
[BlackElo "2236"]
[Result "1-0"]
[Round "02"]
[TimeControl "180+1"]
[Date "2022.08.16"]
[WhiteClock "0:00:10"]
[BlackClock "0:00:19"]

1. e4 c5 2. Nc3 Nc6 3. Nf3 Nf6 4. d4 cxd4 5. Nxd4 e5 6. Ndb5 d6 7. Bg5 a6 8. Na3 Be7 9. Nc4 b5 10. Bxf6 Bxf6 11. Nxd6+ Kf8 12. Qd5 Qc7 13. O-O-O Be6 14. Qc5 Be7 15. Bxb5 axb5 16. Ndxb5 Qc8 17. Rd6 Nd4 18. Nc7 Bxd6 19. Qxd6+ Kg8 20. Nxa8 Qxa8 21. Qxe5 Nc6 22. Qc7 Qc8 23. Qxc8+ Bxc8 24. Rd1 Kf8 25. Rd6 Bb7 26. Rd7 Bc8 27. Rc7 Ne7 28. Nd5 Ke8 29. Rxe7+ Kd8 30. Rxf7 Re8 31. f3 Rg8 32. Ra7 g5 33. Ne7 Re8 34. Nxc8 1-0


[Site "https://www.chess.com"]

[Event "Titled Tuesday Blitz August 16 Late 2022"]
[White "Jeet, Jain"]
[Black "Lenderman, Aleksandr"]
[WhiteFideId "5073022"]
[BlackFideId "2021285"]
[WhiteElo "2055"]
[BlackElo "2607"]
[Result "0-1"]
[Round "02"]
[TimeControl "180+1"]
[Date "2022.08.16"]
[WhiteClock "0:00:28"]
[BlackClock "0:01:05"]

1. Nf3 g6 2. e3 Bg7 3. c4 c5 4. Nc3 Nf6 5. b3 O-O 6. Bb2 b6 7. Be2 Bb7 8. O-O e6 9. d4 Qe7 10. Rc1 Rd8 11. Qc2 d6 12. Rfd1 Nc6 13. Qb1 Rac8 14. a3 Ba8 15. h3 h6 16. Qa1 Na5 17. Qa2 cxd4 18. Nxd4 Nc6 19. b4 Nxd4 20. Rxd4 Nd7 21. Rd2 Qg5 22. Bf1 Ne5 23. Kh2 Rxc4 24. Ne2 Rh4 25. f4 Rxh3+ 26. Kxh3 Qg4+ 27. Kh2 Qh4+ 28. Kg1 Ng4 0-1


[Site "https://www.chess.com"]

[Event "Titled Tuesday Blitz August 16 Late 2022"]
[White "Jorajuria Mendoza, Algol"]
[Black "Taichman, Ori"]
[WhiteFideId "5128897"]
[BlackFideId "2804069"]
[WhiteElo "1600"]
[BlackElo "2227"]
[Result "0-1"]
[Round "02"]
[TimeControl "180+1"]
[Date "2022.08.18"]
[WhiteClock "0:00:00"]
[BlackClock "0:00:00"]

1. e4 c5 2. Nc3 Nc6 3. Bb5 Nd4 4. Nf3 g6 5. Bc4 Bg7 6. Nxd4 cxd4 7. Qf3 Nh6 8. Ne2 O-O 9. d3 Ng4 10. Qg3 Ne5 11. Bb3 Nc6 12. O-O Na5 13. Ba4 d5 14. exd5 Qxd5 15. c4 dxc3 16. bxc3 b5 17. Bc2 Bb7 18. d4 Rac8 19. a4 b4 20. cxb4 Rxc2 21. Nf4 Qxd4 22. Be3 Qxb4 23. Rab1 Rb2 24. Rbc1 Qxa4 25. Rc7 Nc4 26. Rxe7 Nxe3 27. Qxe3 Rb3 28. Qd2 Bh6 29. g3 Bxf4 30. gxf4 Rb5 31. Qe3 Rb3 32. Qe5 Rb5 33. Qe3 Rb4 34. Qe5 Rxf4 35. Rxb7 Rg4+ 36. Kh1 Qc6+ 37. f3 Qxb7 38. h3 Rb4 0-1


[Site "https://www.chess.com"]

[Event "Titled Tuesday Blitz August 16 Late 2022"]
[White "Kalavannan, Koby"]
[Black "Bochnicka, Vladimir"]
[WhiteFideId "425753"]
[BlackFideId "14943450"]
[WhiteElo "1927"]
[BlackElo "1939"]
[Result "1-0"]
[Round "02"]
[TimeControl "180+1"]
[Date "2022.08.18"]
[WhiteClock "0:00:00"]
[BlackClock "0:00:00"]

1. d4 d5 2. Nf3 Nf6 3. c4 e6 4. g3 dxc4 5. Bg2 c6 6. O-O Bd6 7. Re1 O-O 8. e4 Be7 9. a4 c5 10. Nc3 cxd4 11. Nxd4 Nc6 12. Nxc6 Qxd1 13. Nxe7+ 1-0


[Site "https://www.chess.com"]

[Event "Titled Tuesday Blitz August 16 Late 2022"]
[White "Kambrath, Yannick"]
[Black "Shimanov, Aleksandr"]
[WhiteFideId "20632525"]
[BlackFideId "4198603"]
[WhiteElo "2236"]
[BlackElo "2605"]
[Result "1-0"]
[Round "02"]
[TimeControl "180+1"]
[Date "2022.08.16"]
[WhiteClock "0:00:18"]
[BlackClock "0:00:06"]

1. d4 Nf6 2. Nf3 d6 3. g3 g6 4. Bg2 Bg7 5. O-O O-O 6. b4 e5 7. dxe5 dxe5 8. Bb2 e4 9. Nd4 Re8 10. e3 Nbd7 11. c4 Ne5 12. Nd2 Nd3 13. Bc3 Qe7 14. Rb1 h5 15. Nxe4 Nxe4 16. Qxd3 Nxc3 17. Qxc3 h4 18. Rfd1 h3 19. Bf3 c6 20. c5 Qf6 21. Be2 Bf5 22. Rbc1 Be4 23. Bf1 Bf5 24. Qc4 Bg4 25. Be2 Bxe2 26. Qxe2 Rad8 27. Qf1 Qg5 28. Qxh3 Rxe3 29. fxe3 Qxe3+ 30. Kh1 Rxd4 31. Qg2 Rxb4 32. Rd8+ Kh7 33. Rf1 Qe6 34. Rd6 Qc4 35. Rdd1 Rb2 36. Rf2 Rxf2 37. Qxf2 Qe4+ 38. Qg2 Qe6 39. Rf1 Bd4 40. Rc1 Kg7 41. Qf3 Qe5 42. Kg2 Bxc5 43. Rc2 Bd4 44. Re2 Qd6 45. h4 b5 46. h5 c5 47. hxg6 Qxg6 48. Re4 Kf8 49. Rg4 Qe6 50. Qa8+ Qe8 51. Rg8+ Kxg8 52. Qxe8+ Kg7 53. Qxb5 1-0


[Site "https://www.chess.com"]

[Event "Titled Tuesday Blitz August 16 Late 2022"]
[White "Karaev, Seit-Amet"]
[Black "Vivekananthan, Anish"]
[WhiteFideId "4169549"]
[BlackFideId "2090775"]
[WhiteElo "2272"]
[BlackElo "2828"]
[Result "0-1"]
[Round "02"]
[TimeControl "180+1"]
[Date "2022.08.16"]
[WhiteClock "0:02:33"]
[BlackClock "0:02:27"]

1. e4 c6 2. d4 d5 3. e5 Bf5 4. h4 h5 5. Bd3 Bxd3 6. Qxd3 Qa5+ 7. Nd2 e6 8. Nf3 Nh6 9. O-O Nf5 10. c4 Be7 11. cxd5 cxd5 12. g3 Qa6 13. Qc2 Nc6 14. Nb3 O-O 15. Bg5 Bxg5 16. hxg5 Rac8 17. Nc5 Ncxd4 18. Nxd4 Nxd4 19. Nxa6 Nxc2 20. Rac1 bxa6 0-1


[Site "https://www.chess.com"]

[Event "Titled Tuesday Blitz August 16 Late 2022"]
[White "Kobo, Ori"]
[Black "Riff, Vincent"]
[WhiteFideId "2812320"]
[BlackFideId "617776"]
[WhiteElo "2420"]
[BlackElo "2369"]
[Result "1-0"]
[Round "02"]
[TimeControl "180+1"]
[Date "2022.08.16"]
[WhiteClock "0:00:38"]
[BlackClock "0:00:38"]

1. e4 c5 2. Nc3 Nc6 3. Bb5 Nd4 4. Nf3 g6 5. Bc4 Bg7 6. Nxd4 cxd4 7. Qf3 e6 8. Nb5 d5 9. exd5 a6 10. dxe6 fxe6 11. Na3 Nf6 12. O-O O-O 13. Qe2 Kh8 14. d3 Ra7 15. Bg5 b5 16. Bb3 h6 17. Bh4 g5 18. Bg3 Nd5 19. Rae1 Nf4 20. Bxf4 Rxf4 21. Nb1 e5 22. Nd2 Raf7 23. Bxf7 Rxf7 24. Ne4 Bb7 25. Qh5 Rf4 26. g3 Rf8 27. Re2 Qd5 28. b3 Qc6 29. f3 Bc8 30. g4 Be6 31. Nxg5 Bd5 32. Ne4 Rf4 33. Rg2 Bf7 34. Qh4 Bg6 35. Qg3 Kh7 36. h4 Qd7 37. h5 Bxe4 38. fxe4 Qf7 39. Rxf4 exf4 40. Qf3 Qf6 41. e5 Qxe5 42. Re2 Qg5 43. Qe4+ Kh8 44. Qf5 Qxf5 45. gxf5 Kg8 46. Re6 Kf7 47. Rxa6 b4 48. Kg2 1-0


[Site "https://www.chess.com"]

[Event "Titled Tuesday Blitz August 16 Late 2022"]
[White "Koepke, Christian"]
[Black "Amburgy, Ryan"]
[WhiteFideId "4655737"]
[BlackFideId "30924820"]
[WhiteElo "2188"]
[BlackElo "2066"]
[Result "1-0"]
[Round "02"]
[TimeControl "180+1"]
[Date "2022.08.18"]
[WhiteClock "0:00:00"]
[BlackClock "0:00:00"]

1. e4 c6 2. d4 d5 3. exd5 cxd5 4. Bd3 Nf6 5. c3 Bg4 6. Qb3 Qd7 7. Bf4 Nc6 8. Nd2 e6 9. Ngf3 Bd6 10. Bxd6 Qxd6 11. O-O O-O 12. Rfe1 Qc7 13. Ne5 Bh5 14. Re3 Rfc8 15. Rae1 a6 16. a4 Rab8 17. Rh3 b5 18. axb5 axb5 19. Bxh7+ Kxh7 20. g4 Kg8 21. gxh5 Nxe5 22. dxe5 Nd7 23. Nf3 Qc4 24. Qd1 b4 25. Nd4 bxc3 26. bxc3 Rb2 27. Qf3 Qc7 28. h6 Nxe5 29. Qh5 f5 30. Nxe6 Qf7 31. h7+ Kh8 32. Rxe5 g6 33. Qg5 Rb1+ 34. Kg2 Rc4 35. Rg3 Kxh7 36. Rh3+ Kg8 37. Qd8+ 1-0


[Site "https://www.chess.com"]

[Event "Titled Tuesday Blitz August 16 Late 2022"]
[White "Kopczynski, Michal"]
[Black "Urh, Zala"]
[WhiteFideId "1124200"]
[BlackFideId "14611481"]
[WhiteElo "2235"]
[BlackElo "2097"]
[Result "1-0"]
[Round "02"]
[TimeControl "180+1"]
[Date "2022.08.18"]
[WhiteClock "0:00:00"]
[BlackClock "0:00:00"]

1. e4 e5 2. Nf3 Nc6 3. Bb5 a6 4. Ba4 Nf6 5. O-O Be7 6. Re1 b5 7. Bb3 d6 8. a4 Bb7 9. axb5 axb5 10. Rxa8 Bxa8 11. d3 O-O 12. Nbd2 Bb7 13. Nf1 Na5 14. Ba2 c5 15. Ng3 Nc6 16. Nf5 Qa8 17. Bd5 Re8 18. Ng5 Nxd5 19. Qh5 Bxg5 20. Qxg5 g6 21. exd5 Nd4 22. Nxd6 Rd8 23. Qf6 Bxd5 24. Bh6 Rxd6 25. Qg7# 1-0


[Site "https://www.chess.com"]

[Event "Titled Tuesday Blitz August 16 Late 2022"]
[White "Kostiukov, Alexandr"]
[Black "Blanco Ronquillo, Humberto L."]
[WhiteFideId "14108100"]
[BlackFideId "3504239"]
[WhiteElo "2202"]
[BlackElo "2425"]
[Result "0-1"]
[Round "02"]
[TimeControl "180+1"]
[Date "2022.08.18"]
[WhiteClock "0:00:00"]
[BlackClock "0:00:00"]

1. g3 d5 2. Bg2 c6 3. d3 Nf6 4. e4 dxe4 5. dxe4 Qxd1+ 6. Kxd1 e5 7. f3 Bc5 8. Nd2 Be6 9. Bh3 Ke7 10. Bxe6 Kxe6 11. Nh3 Rd8 12. Ke2 a5 13. a4 Na6 14. c3 Bb6 15. Nc4 Bc7 16. Be3 Nd7 17. f4 Ndc5 18. Ng5+ Ke7 19. fxe5 h6 20. Nf3 Nxe4 21. Nd4 Nec5 22. Nf5+ Kf8 23. b4 axb4 24. cxb4 Ne6 25. b5 Nb4 26. b6 Bb8 27. Nfd6 Bxd6 28. exd6 Nc2 29. Ra2 Nxe3 30. Kxe3 Re8 31. Kf2 Nc5 32. a5 Re4 33. Rc2 Nd3+ 34. Kf1 Ne5 35. Nxe5 Rxe5 36. Kf2 Raxa5 37. Rd1 Red5 38. Rcd2 Ke8 39. Rxd5 Rxd5 0-1


[Site "https://www.chess.com"]